 Dungeon Crawl Stone Soup version 0.17-a0-1479-g4041c36 (webtiles) character file.

4843 Mind the Destroyer (level 10, -2/67 HPs)
             Began as a Demonspawn Wanderer on July 3, 2015.
             Was a Follower of Vehumet.
             Slain by a yak (6 damage)
             ... on level 8 of the Dungeon.
             The game lasted 00:23:12 (8120 turns).

Mind the Destroyer (Demonspawn Wanderer)            Turns: 8120, Time: 00:23:13

Health: -2/67      AC: 15    Str: 13    XL:     10   Next: 25%
Magic:  16/22      EV:  2    Int: 17    God:    Vehumet [*.....]
Gold:   383        SH:  0    Dex: 12    Spells: 2 memorised, 21 levels left

rFire  . . .     SeeInvis .     d - +2 dagger (venom)
rCold  + . .     Clarity  .     b - +2 robe {rC+}
rNeg   + + +     SustAt   .     (no shield)
rPois  ∞         Gourm    .     (helmet unavailable)
rElec  .         Spirit   .     J - +1 cloak {+Inv}
rCorr  .         Warding  .     (no gloves)
rMut   .         Stasis   .     B - +0 pair of boots
MR     .....                    y - amulet of rage
Stlth  +.........               A - ring of wizardry
                                x - ring of poison resistance

@: petrified, not resistant to hostile enchantments, very unstealthy
A: horns 3, iridescent scales 3, powered by pain 1
a: Renounce Religion, Evoke Berserk Rage, Evoke Invisibility


You were on level 8 of the Dungeon.
You worshipped Vehumet.
Vehumet was aware of your devotion.
You were not hungry.

You visited 2 branches of the dungeon, and saw 10 of its levels.

You collected 383 gold pieces.

Inventory:

Hand weapons
 d - a +2 dagger of venom (weapon)
 N - a -3 dagger
Missiles
 K - 17 arrows
Armour
 b - a +2 robe of cold resistance (worn)
 c - a +0 ring mail
 n - a +0 cloak
 o - a +2 robe of positive energy
 r - a +1 leather armour of magic resistance
 w - a +0 cloak
 B - a +0 pair of boots (worn)
 J - a +1 cloak of invisibility (worn)
Jewellery
 x - a ring of poison resistance (left hand)
 y - an amulet of rage (around neck)
 A - a ring of wizardry (right hand)
Magical devices
 a - a wand of paralysis (0)
 h - a wand of magic darts (23)
 j - a wand of polymorph (0)
 M - a wand of magic darts (27)
Scrolls
 g - 2 scrolls of magic mapping
 i - 2 scrolls of immolation
 l - 3 scrolls of remove curse
 p - 5 scrolls of recharging
 t - 14 scrolls of identify
Potions
 s - 2 potions of ambrosia
 u - a potion of curing
 v - 2 potions of poison
 C - 3 potions of degeneration
 E - a potion of agility
Books
 L - a Young Poisoner's Handbook

   Spells                             Type                      Level
   a - Sting                          Conjuration/Poison           1
   b - Cure Poison                    Poison                       2
   c - Mephitic Cloud                 Conjuration/Poison/Air       3
   d - Olgreb's Toxic Radiance        Poison                       4
   e - Venom Bolt                     Conjuration/Poison           5
Comestibles
 e - 6 bread rations
 f - 9 meat rations
 q - 2 beef jerkies
 D - 8 fruits
 G - 8 slices of pizza


   Skills:
 - Level 2.0 Fighting
   Level 2.6 Bows
 - Level 1.0 Throwing
 - Level 8.1 Spellcasting
 + Level 9.7 Conjurations
 - Level 8.0 Evocations


You had 21 spell levels left.
You knew the following spells:

 Your Spells              Type           Power        Failure   Level  Hunger
a - Sting                 Conj/Pois      ###.         1%          1    None
c - Mephitic Cloud        Conj/Pois/Air  ###.....     4%          3    #......


Dungeon Overview and Level Annotations

Branches:
Dungeon (9/15)             Temple (1/1) D:6
   Lair: D:8-11         Orc: D:9-12

Altars:
Ashenzari
Cheibriados
Elyvilon
Fedhas
Gozag
Kikubaaqudgha
Makhleb
Nemelex Xobeh
Okawaru
Qazlal
Ru
Sif Muna
Vehumet
Yredelemnul
Zin

Shops:
D:7 [


Innate Abilities, Weirdness & Mutations

You have a pair of large horns on your head.
You are completely covered in iridescent scales (AC +8).
You sometimes gain a little power by taking damage.


Message History

The yak gores you. The basilisk bites you.
The yak gores you but does no damage.
The basilisk looks more healthy.
The basilisk gazes at you. You resist with some effort. The yak gores you!
The yak gores you but does no damage. The yak gores you!
The yak gores you but does no damage. The basilisk gazes at you.
You resist with some effort. The yak gores you but does no damage.
The yak gores you!
* * * LOW HITPOINT WARNING * * *
The yak gores you.
* * * LOW HITPOINT WARNING * * *
The basilisk hisses menacingly.
The basilisk bites you!
* * * LOW HITPOINT WARNING * * *
The yak gores you but does no damage. The yak gores you!
* * * LOW HITPOINT WARNING * * *
The yak gores you!
You die...

...#.......#...#..#
#.##...)...#####..#
..#.†..))...#.....#
†.#⌠.##)#..⌠#.....#
..####..(####.....#
.....#...#..†..######
.##..#.).#..#.......#
..†..#.###.##...YY..#
####.......##...@lY.#
#####.####..YYY..#
#............#
######..(...rYP..
#........Y...
#......♣.P...
#............
#..........♣.
##.###.♣....


You could see 8 yaks, a basilisk and a rat.

Vanquished Creatures
  Erica (D:8)
  Pikel (D:5)
  Joseph (D:8)
  A spriggan (D:8)
  Sigmund (D:5)
  A hungry ghost (D:7)
  A basilisk (D:8)
  2 mottled dragons (D:8)
  5 porcupines (D:8)
  Duvessa (D:7)
  An ogre (D:4)
  An ice beast (D:6)
  3 centaurs
  2 slaves (D:5)
  A crocodile (D:8)
  3 big kobolds
  2 giant frogs
  2 scorpions
  Dowan (D:7)
  A quasit (D:6)
  3 crimson imps
  2 centaur skeletons
  Crazy Yiuf (D:6)
  Ijyb (D:2)
  2 iguanas
  3 orc wizards
  8 hounds
  2 orc priests
  2 worker ants
  2 worker ant zombies
  Robin (D:2)
  7 adders
  2 river rats (D:8)
  A shadow imp (D:8)
  2 oozes
  An adder zombie (D:5)
  2 worms
  18 orcs
  2 ball pythons
  22 bats
  6 giant cockroaches
  15 hobgoblins
  3 quokkas
  A ball python skeleton (D:4)
  5 giant geckos
  5 giant newts
  29 goblins
  10 jackals
  21 kobolds
  15 rats
226 creatures vanquished.

Vanquished Creatures (others)
  A giant gecko (D:5)
  A rat (D:5)
  2 bushes (D:8)
  9 plants (D:8)
13 creatures vanquished.

Grand Total: 239 creatures vanquished

Notes
Turn   | Place    | Note
--------------------------------------------------------------
     0 | D:1      | Mind the Demonspawn Wanderer began the quest for the Orb.
     0 | D:1      | Mind set off with: a +2 shortbow, 21 arrows, a +0 ring mail, a potion of curing, a bread ration
     0 | D:1      | Reached XP level 1. HP: 16/16 MP: 3/3
   241 | D:1      | Gained mutation: You are partially covered in iridescent scales (AC +4). [demonic ancestry]
   241 | D:1      | Reached XP level 2. HP: 19/22 MP: 5/5
   349 | D:1      | Reached skill level 3 in Spellcasting
   691 | D:1      | Gained mutation: You are mostly covered in iridescent scales (AC +6). [demonic ancestry]
   691 | D:1      | Reached XP level 3. HP: 27/27 MP: 7/7
  1160 | D:2      | Noticed Robin
  1192 | D:2      | Killed Robin
  1192 | D:2      | Reached skill level 4 in Spellcasting
  1194 | D:2      | Gained mutation: You have a pair of small horns on your head. [demonic ancestry]
  1194 | D:2      | Reached XP level 4. HP: 7/33 MP: 10/10
  1630 | D:2      | Noticed Ijyb
  1645 | D:2      | Killed Ijyb
  2282 | D:3      | Gained mutation: You are completely covered in iridescent scales (AC +8). [demonic ancestry]
  2282 | D:3      | Reached XP level 5. HP: 35/38 MP: 12/12
  2340 | D:3      | Found a blossoming altar of Fedhas.
  3180 | D:4      | Noticed an ogre
  3188 | D:4      | Killed an ogre
  3235 | D:4      | Reached XP level 6. HP: 32/44 MP: 13/13
  3934 | D:5      | Entered Level 5 of the Dungeon
  3977 | D:5      | Reached skill level 5 in Evocations
  4215 | D:5      | Noticed Pikel
  4224 | D:5      | Reached XP level 7. HP: 30/50 MP: 14/14
  4257 | D:5      | Killed Pikel
  4257 | D:5      | Reached skill level 8 in Evocations
  4257 | D:5      | Gained mutation: You have a pair of horns on your head. [demonic ancestry]
  4257 | D:5      | Reached XP level 8. HP: 53/56 MP: 15/15
  4338 | D:5      | Noticed Sigmund
  4353 | D:5      | Killed Sigmund
  4353 | D:5      | Reached skill level 5 in Spellcasting
  4381 | D:5      | Found a basalt altar of Yredelemnul.
  4590 | D:5      | Found a white marble altar of Elyvilon.
  5521 | D:6      | Found a staircase to the Ecumenical Temple.
  5532 | Temple   | Entered the Ecumenical Temple
  5544 | Temple   | Became a worshipper of Vehumet
  5636 | D:6      | Found a sacrificial altar of Ru.
  5869 | D:6      | Noticed Crazy Yiuf
  5875 | D:6      | Killed Crazy Yiuf
  6303 | D:7      | Learned a level 1 spell: Sting
  6307 | D:7      | Learned a level 3 spell: Mephitic Cloud
  6404 | D:7      | Gained mutation: You have a pair of large horns on your head. [demonic ancestry]
  6404 | D:7      | Reached XP level 9. HP: 54/61 MP: 21/21
  6412 | D:7      | Found an ancient bone altar of Kikubaaqudgha.
  6599 | D:7      | Noticed Dowan
  6600 | D:7      | Noticed Duvessa
  6608 | D:7      | Killed Dowan
  6628 | D:7      | Killed Duvessa
  6758 | D:7      | Acquired Vehumet's first power
  6758 | D:7      | Offered knowledge of Shock by Vehumet.
  6775 | D:7      | Found a deep blue altar of Sif Muna.
  6884 | D:7      | Found Fyli's Armour Shoppe.
  6904 | D:8      | Found a shattered altar of Ashenzari.
  6997 | D:8      | Reached skill level 5 in Conjurations
  7067 | D:8      | HP: 2/61 [burnt (8)]
  7102 | D:8      | Noticed Joseph
  7487 | D:8      | Killed Joseph
  7523 | D:8      | Noticed Erica
  7545 | D:8      | Killed Erica
  7545 | D:8      | Gained mutation: You sometimes gain a little power by taking damage. [demonic ancestry]
  7545 | D:8      | Reached XP level 10. HP: 29/67 MP: 15/22
  7683 | D:8      | Reached skill level 9 in Conjurations
  8120 | D:8      | Slain by a yak

Vault maps used:
D:1:      minmay_arrival_checkered_box
D:2:      uniq_iyjb, uniq_robin
D:3:      kennysheep_goblin_castle, lemuel_crystal_altar
D:5:      overflow_temple_1_default, old_standard_altar, first_bread,
          uniq_pikel, uniq_sigmund
D:6:      nicolae_ru_sacrificial_ziggurat, temple_green, uniq_crazy_yiuf_cottage
D:7:      lemuel_round_altar, tgw_sif, serial_shops, shop, uniq_duvessa
D:8:      evilmike_ruin_ashenzari, minmay_lair_entry_grove, grunt_pizzeria,
          minmay_misc_feat_x, uniq_joseph, uniq_erica
D:9:      orc_0_dummy
Temple:   circular_temple_12

Action                   |  1- 3 |  4- 6 |  7- 9 | 10-12 || total
-------------------------+-------+-------+-------+-------++-------
Melee: Dagger            |    10 |   266 |   453 |    54 ||   783
       Unarmed           |       |       |    11 |       ||    11
 Fire: Shortbow          |   105 |       |       |       ||   105
 Cast: Mephitic Cloud    |       |       |    12 |     3 ||    15
       Sting             |       |       |     5 |    35 ||    40
 Abil: Evoke Berserk Rag |       |     1 |     1 |       ||     2
Evoke: Wand              |       |       |     8 |       ||     8
  Use: Potion            |     2 |     2 |     6 |       ||    10
       Scroll            |       |     5 |    12 |       ||    17
 Stab: Paralysed         |       |       |    10 |       ||    10
       Confused          |       |       |     2 |     2 ||     4
  Eat: Chunk             |       |    10 |     6 |       ||    16
       Beef jerky        |       |     1 |       |       ||     1
       Bread ration      |       |       |     2 |       ||     2
